 Dungeon Crawl Stone Soup version 0.29.1-15-g9cfb28693d (webtiles) character file.

Game seed: 1452587322863252644

65 leafyfresh the Sneak (level 4, -14/33 HPs)
             Began as an Octopode Delver on Mar 4, 2023.
             Demolished by an ogre
             ... wielding a +0 giant club
              (37 damage)
             ... on level 5 of the Dungeon.
             The game lasted 00:00:48 (133 turns).

leafyfresh the Sneak (Octopode Delver)               Turns: 133, Time: 00:00:49

Health: -14/33     AC:  1    Str: 11    XL:     4   Next: 13%
Magic:  4/4        EV: 13    Int: 14    God:
Gold:   0          SH:  0    Dex: 13    Spells: 3/3 levels left

rFire   . . .      SeeInvis .   a - +0 short sword
rCold   . . .      Faith    .   (no shield)
rNeg    . . .      Spirit   .   (helmet restricted)
rPois   .          Reflect  .   (no amulet)
rElec   .          Harm     .   (no ring)
rCorr   .          Rampage  .   (no ring)
Will    .....                   (no ring)
Stlth   ++++......              (no ring)
HPRegen 0.11/turn               (no ring)
MPRegen 0.09/turn               (no ring)
                                (no ring)
                                (no ring)

@: no status effects
A: almost no armour, amphibious, 8 rings, camouflage 1, gelatinous body 1,
(nimble swimmer 1), tentacles
a: no special abilities


You were on level 5 of the Dungeon.
You visited 1 branch of the dungeon, and saw 1 of its levels.

Inventory:

Hand Weapons
 a - a +0 short sword (weapon)
 i - a +0 hand axe of flaming
Wands
 f - a wand of digging (3)
Scrolls
 b - a scroll of fog
 c - a scroll of magic mapping
 d - a scroll of fear
 g - a scroll of noise {unknown}
 h - a scroll of identify {unknown}
Potions
 e - a potion of haste


   Skills:
 + Level 3.7 Fighting
 - Level 2.0 Short Blades
 + Level 2.9 Dodging
 + Level 7.3 Stealth


You had 3 spell levels left.
You didn't know any spells.
Your spell library was empty.

Dungeon Overview and Level Annotations

Branches:
Dungeon (5/15)
 Temple: D:4-7

Altars:

Shops:
D:5 *


Innate Abilities, Weirdness & Mutations

You cannot wear most types of armour.
You are amphibious.
You can wear up to eight rings at the same time.
Your skin changes colour to match your surroundings (Stealth+).
Your rubbery body absorbs attacks. (AC +1, EV +1)
((You are camouflaged when in or above water. (Stealth+)))
You have tentacles for arms and can constrict up to eight enemies at once.


Message History

You puncture the orc!
You kill the orc!
No target in view!
Things that are here:
a +0 hand axe of flaming; a +0 chain mail
Okay, then.
i - a +0 hand axe of flaming
Found a stone staircase leading up.
No target in view!
A hound and an ogre come into view.
The ogre shouts!
The hound barks!
You hear a shout!
An orc comes into view. It is wielding a +0 war axe.
The ogre moves out of view.
You see here a lumpy yellow potion. 2 orcs and an orc priest come into view.
A howler monkey comes into view.
The orc moves out of view. x2
There are monsters nearby!
Unknown command.
An orc comes into view. It is wielding a +0 club.
You see here a lumpy yellow potion.
You hit the hound but do no damage. You grab the hound.
Your squeeze misses the hound.
You constrict the hound, but do no damage.
The hound bites you. The hound closely misses you.
You hit the hound but do no damage. You squeeze the hound!
The hound is heavily wounded.
You constrict the hound. The hound barely misses you.
An orc wizard comes into view. It is wielding a +0 dagger.
The orc wizard shouts!
You hit the hound.
The hound is severely wounded.
You constrict the hound.
You hear a shout! x2
The hound closely misses you. The hound bites you.
You hit the hound.
You kill the hound!
The ogre hits you with a +0 giant club!!!
Ouch! That really hurt!
You die...

## ...# ... .. .# h ..####
####+###.####.. #.....
#.............. +....
#..Oo.o.o...... #####..#
#+##.@###..####.
##..##..####.##..# #..#
+................# .O..<
#...............[#........
##...............#.....o##..
##..##...........#......# #
##'###...........#.......
....##...###.##..##.....##
...>##.#####.##..#


You could see an ogre, an orc wizard and 2 orcs.

Vanquished Creatures
  2 hounds (D:5)
  An iguana (D:5)
  An adder (D:5)
  An orc (D:5)
5 creatures vanquished.

Notes
Turn   | Place    | Note
-------+----------+-------------------------------------------
     0 | D:5      | leafyfresh the Octopode Delver began the quest for the Orb.
     0 | D:5      | Reached XP level 1. HP: 16/16 MP: 1/1
    49 | D:5      | Noticed an iguana
    49 | D:5      | Noticed a hound
    53 | D:5      | Killed a hound
    54 | D:5      | Reached skill level 7 in Stealth
    54 | D:5      | Reached XP level 2. HP: 21/21 MP: 2/2
    54 | D:5      | Reached XP level 3. HP: 26/26 MP: 3/3
    64 | D:5      | Reached XP level 4. HP: 33/33 MP: 4/4
   124 | D:5      | Noticed an ogre
   133 | D:5      | Demolished by an ogre

Illustrated notes

Levels and vault maps discovered:
D:5:      cheibrodos_barr_body, layout_gridville, serial_shops,
          nicolae_square_shop, minmay_misc_feat_columns,
          kennysheep_small_spiral, uniq_sigmund

Skill      XL: |  1 |
---------------+----+-----
Stealth        | 7 |  7.3
Fighting       | |  3.7
Short Blades   | |  2.0
Dodging        | |  2.9

Action                   |  1- 3 |  4- 6 || total
-------------------------+-------+-------++-------
Melee: Short sword       |     3 |     5 ||     8
       Tentacles         |     1 |     1 ||     2
       Constrict         |       |     1 ||     1
 Stab: Sleeping          |     3 |     1 ||     4
Dodge: Dodged            |       |     3 ||     3
